Map: Prion Terraces

Players

Grumm

  • Race: Protoss Protoss
  • League: Gold

Alexander - Winner!

  • Race: Protoss Protoss
  • League: Diamond

VOD

Have the link to the VOD?

Description

Time

  • Played on: Jan. 21, 2016, 12:55 p.m.
  • Length: 3:27
Show
View Real Time Build Order
Export as new Build Order

Grumm Protoss 

Build Orders:  

Get SALT Encoding   

  12  0:01  Probe (Chrono Boost)  
  13  0:12  Probe (Chrono Boost)  
  14  0:28  Pylon  
  14  0:31  Probe (Chrono Boost)  
  15  0:47  Gateway  
  15  0:53  Gateway  
  15  0:59  Pylon  
  16  1:04  Probe (Chrono Boost)  
  16  1:33  Forge  
  16  1:34  Gateway  
  16  1:35  Gateway  
  16  1:42  Zealot  
  18  1:49  Zealot  
Show
View Real Time Build Order
Export as new Build Order

Alexander Protoss - Winner!

Build Orders:  

Get SALT Encoding   

  12  0:02  Probe (Chrono Boost)  
  13  0:13  Probe (Chrono Boost)  
  14  0:23  Probe (Chrono Boost)  
  14  0:24  Pylon  
  15  0:42  Probe (Chrono Boost)  
  16  0:43  Forge  
  16  0:52  Pylon, Probe (Chrono Boost)  
  17  1:03  Probe (Chrono Boost)  
  18  1:13  Probe (Chrono Boost)  
  19  1:24  Probe (Chrono Boost)  
  20  1:32  Pylon  
  20  1:35  Probe (Chrono Boost)  
  20  1:39  Pylon  
  21  1:45  Probe (Chrono Boost)  
  22  1:56  Probe (Chrono Boost)  
  22  2:00  Photon Cannon  
  23  2:05  Photon Cannon  
  23  2:08  Photon Cannon  
  23  2:11  Pylon  
  23  2:16  Probe (Chrono Boost)  
  23  2:21  Photon Cannon  
  24  2:27  Probe (Chrono Boost)  
  25  2:38  Probe (Chrono Boost)  
  26  2:48  Probe (Chrono Boost)  
  24  2:59  Probe (Chrono Boost)  
  24  3:00  Photon Cannon  
  21  3:09  Probe (Chrono Boost)  
  22  3:18  Pylon  
  23  3:22  Pylon  
Tags
 
Add a new tag
Caveats
  • Supply blocks, unpowered buildings, or Contaminate may cause inaccurate times.
  • Supply counts are checked every 10 seconds.